 Dungeon Crawl Stone Soup version 0.21-a0-632-g1e37ce5 (webtiles) character file.

94556 Gorice the End of an Era (level 15, -1/107 HPs)
             Began as a Demonspawn Wanderer on Dec 27, 2017.
             Was the Champion of Qazlal.
             Slain by a large abomination (10 damage)
             ... on level 2 of the Abyss.
             The game lasted 01:49:59 (26030 turns).

Gorice the End of an Era (Demonspawn Wanderer)     Turns: 26030, Time: 01:49:59

Health: -1/107     AC: 43    Str: 18    XL:     15   Next: 63%
Magic:  18/27      EV:  3    Int: 12    God:    Qazlal [******]
Gold:   1557       SH: 13    Dex: 15    Spells: 14/14 levels left

rFire    + . .     SeeInvis +   p - +1 morningstar (protect)
rCold    . . .     Gourm    .   z - +2 buckler
rNeg     . . .     Faith    .   k - +0 crystal plate armour
rPois    +         Spirit   .   B - +0 hat
rElec    .         Reflect  .   L - +1 cloak
rCorr    .         Harm     .   M - +0 pair of gloves
MR       +....                  D - +0 pair of boots (curse)
Stlth    ..........             f - amulet of rage
HPRegen  0.27/turn              A - ring "Beenwi" {*Drain +Inv rPois rF+ Stlth+}
MPRegen  0.20/turn              i - ring of see invisible

@: protected from physical damage, protection aura, repel missiles
A: horns 2, yellow scales 2, demonic guardian 2, [deterioration 1], [frail 1],
spiny 3
a: Upheaval, Elemental Force, Disaster Area, Renounce Religion, Evoke Berserk
Rage, Evoke Invisibility


You were on level 2 of the Abyss.
You worshipped Qazlal.
Qazlal was exalted by your worship.
You were not hungry.

You visited 4 branches of the dungeon, and saw 24 of its levels.
You visited the Abyss 1 time.
You also visited: Labyrinth, Sewer and Bailey.

You collected 2389 gold pieces.
You spent 832 gold pieces at shops.

Inventory:

Hand Weapons
 a - a +2 whip of draining
   (You took it off a gnoll shaman on level 5 of the Dungeon)
 b - a +0 hunting sling
 p - a +1 morningstar of protection (weapon)
   (You took it off an orc on level 5 of the Dungeon)
 R - a +0 blowgun
Missiles
 g - 5 curare-tipped needles
 h - 31 tomahawks (quivered)
 K - 7 javelins
 T - 103 sling bullets
 Z - 2 throwing nets
Armour
 k - a +0 crystal plate armour (worn)
 z - a +2 buckler (worn)
 B - a +0 hat (worn)
 D - a cursed +0 pair of boots (worn)
 L - a +1 cloak (worn)
 M - a +0 pair of gloves (worn)
Jewellery
 e - a +2 ring of evasion
 f - an amulet of rage (around neck)
 i - a ring of see invisible (right hand)
 t - an uncursed ring of protection from fire
 A - the ring "Beenwi" (left hand) {*Drain +Inv rPois rF+ Stlth+}
   (You found it on level 5 of the Dungeon)

   [ring of stealth]

   It protects you from fire.
   It protects you from poison.
   It lets you turn invisible.
   It causes draining when unequipped.
   It makes you more stealthy.
 C - an uncursed ring of ice
 E - an uncursed ring of positive energy
 O - an uncursed amulet of guardian spirit
Wands
 o - a wand of paralysis (8)
 v - a wand of acid (21)
 F - a wand of enslavement (15)
 G - a wand of digging (23)
 P - a wand of iceblast (9)
Scrolls
 c - 4 scrolls of blinking
 j - 2 scrolls of fear {!r}
 q - 11 scrolls of teleportation {!r}
 I - a scroll of acquirement {unknown}
 J - a scroll of fog
 N - 3 scrolls of identify
 Q - 3 scrolls of remove curse
Potions
 d - 3 potions of cancellation {!q}
 l - 3 potions of agility {!q}
 m - 7 potions of magic {!q}
 r - 3 potions of invisibility {!q}
 s - 4 potions of berserk rage
 u - 4 potions of might {!q}
 x - a potion of heal wounds {!q}
 H - a potion of curing
 V - a potion of haste {!q}
Miscellaneous
 y - 2 sacks of spiders
Comestibles
 n - 36 rations


   Skills:
 + Level 11.3 Fighting
 - Level 12.0 Maces & Flails
 + Level 15.9 Armour
 - Level 2.6 Stealth
 + Level 17.5 Invocations


You had 14 spell levels left.
You didn't know any spells.

Dungeon Overview and Level Annotations

Branches:
Dungeon (14/15)            Temple (1/1) D:7            Lair (6/6) D:8
 Shoals (0/4) Lair:2        Snake (0/4) Lair:2        Slime (0/5) Lair:5
    Orc (2/2) D:11            Elf (0/3) Orc:2
 Vaults: D:13-14

Altars:
Ashenzari
Cheibriados
Dithmenos
Elyvilon
Fedhas
Hepliaklqana
Kikubaaqudgha
Makhleb
Okawaru
Qazlal
Ru
Trog
Uskayaw
Vehumet
Wu Jian
Xom
Yredelemnul
Zin
The Shining One

Shops:
D:8 *   D:12 }}   D:13 ?   Orc:1 (   Orc:2 (:[(*

Annotations:
D:2 Sigmund
D:6 Lanoc's ghost, novice FoBe
D:15 Louise
Lair:3 exclusion: oklob plant


Innate Abilities, Weirdness & Mutations

You have a pair of horns on your head.
You are mostly covered in yellow scales. (AC +3)
A demonic guardian rushes to your aid.
You are completely covered in sharp spines.
[Your body sometimes deteriorates upon taking damage.]
[You are frail. (-10% HP)]


Message History

The blast of magma engulfs the thrashing horror.
The thrashing horror partially resists.
The thrashing horror is almost destroyed.
The thrashing horror is struck by your spines.
You destroy the thrashing horror!
Qazlal accepts your kill.
A large abomination comes into view.
You hit the large abomination.
The large abomination is lightly damaged.
You block the large abomination's attack.
Your crystal plate armour prevents you from hitting the large abomination.
You headbutt the large abomination.
The large abomination is lightly damaged.
You block the large abomination's attack.
Your crystal plate armour prevents you from hitting the large abomination.
The large abomination is lightly damaged.
You block the large abomination's attack.
Your crystal plate armour prevents you from hitting the large abomination.
The large abomination is lightly damaged.
The large abomination hits you but does no damage.
Your crystal plate armour prevents you from hitting the large abomination.
The large abomination is lightly damaged.
The large abomination is struck by your spines.
The large abomination hits you!!
* * * LOW HITPOINT WARNING * * *
Damage: 23 (max 23)
You hit the large abomination but do no damage.
Your weapon exudes an aura of protection.
You headbutt the large abomination, but do no damage.
The large abomination is moderately damaged.
You puncture the large abomination!
The large abomination is heavily damaged.
You block the large abomination's attack.
You hit the large abomination but do no damage.
You headbutt the large abomination.
The large abomination is heavily damaged.
You block the large abomination's attack.
Really quaff
x - 2 potions of heal wounds {!q}?
You feel much better. The large abomination hits you!!
* * * LOW HITPOINT WARNING * * *
You feel protected from physical attacks.
Unknown command.
You sock the large abomination!
The large abomination is almost destroyed.
You block the large abomination's attack.
You hit the large abomination but do no damage.
You headbutt the large abomination, but do no damage.
The large abomination is almost destroyed.
The large abomination hits you!
You die...

# . #. # #. #
.# ..# ...### .
... ###.###.##
.# . . .##@#
..## ? .. . #X#
# . # ##.#..
.## # #..#...
.. . ...# .#. .
#XX..#....##..#
#. .#.#.#######
.#.#.# # #.#.


You could see a large abomination.

Vanquished Creatures
  Frances (D:13)
  An orc warlord (Orc:1)
  A stone giant (D:13)
  Fannar (Orc:1)
  5 hydras
  A merfolk avatar (Lair:6)
  A centaur warrior (D:13)
  A catoblepas (Lair:4)
  4 two-headed ogres
  2 orc high priests (Orc:1)
  4 death yaks
  2 wretched stars (Abyss:2)
  2 thrashing horrors (Abyss:2)
  A deep elf knight (D:12)
  A sea snake (Lair:6)
  The ghost of Gorice the Basher, a novice DsWn of Qazlal (D:9)
  2 unseen horrors (D:13)
  A wizard (D:14)
  A deep elf archer (D:12)
  Pikel (D:8)
  A harpy (Lair:6)
  4 orc knights (Orc:1)
  6 ugly things
  A necromancer (D:15)
  3 orc sorcerers
  3 cyclopes
  10 deep elf magi (D:12)
  A manticore (D:13)
  A merfolk siren (Lair:2)
  5 elephants (Lair:6)
  A smoke demon (Abyss:2)
  7 black mambas
  2 centaur zombies (D:13)
  4 centaur skeletons
  A torpor snail (Lair:4)
  7 spiny frogs
  4 rime drakes (Lair:5)
  A yaktaur (D:13)
  7 komodo dragons
  An efreet (D:14)
  3 ancient zymes (Abyss:2)
  A merfolk (Lair:2)
  6 polar bears
  A wind drake (Lair:6)
  Prince Ribbit (D:8)
  3 hornets
  6 trolls
  10 dream sheep (Lair:6)
  2 slime creatures (Lair:5)
  9 blink frogs
  13 hippogriffs
  2 redbacks (Lab)
  8 wyverns
  28 yaks
  2 humans (D:8)
  7 basilisks
  2 hungry ghosts
  A vampire mosquito (D:13)
  2 wargs (Orc:1)
  4 nagas (Lair:2)
  A hell hound (D:8)
  11 soldier ants (D:8)
  A small abomination (Abyss:2)
  12 porcupines
  12 water moccasins
  5 ice beasts
  5 black bears
  An eye of draining (D:14)
  2 necrophages
  30 orc warriors
  12 ogres
  4 phantoms
  4 sky beasts
  9 wolves
  9 starcursed masses (Abyss:2)
  5 centaurs
  A big kobold (D:14)
  13 crocodiles
  15 bullfrogs
  4 scorpions
  A wyvern skeleton (D:13)
  9 killer bees
  An electric eel (Lair:6)
  2 howler monkeys
  4 wights (D:11)
  5 crimson imps
  3 quasits
  An iron imp (Abyss:2)
  A gnoll shaman (D:5)
  6 jellies
  15 orc priests
  Crazy Yiuf (D:7)
  5 hounds
  2 bullfrog skeletons
  An iguana (D:12)
  34 orc wizards
  5 hell rats (Lair:5)
  27 worker ants
  A killer bee zombie (D:6)
  A hound skeleton (D:11)
  2 worker ant zombies
  11 gnolls
  11 adders
  6 shadow imps
  An ufetubus (Abyss:2)
  6 oozes
  An adder skeleton (D:6)
  12 worms
  2 dart slugs
  7 leopard geckos
  86 orcs
  7 giant cockroaches
  2 gnoll zombies (D:3)
  4 goblins
  5 hobgoblins
  10 jackals
  6 quokkas
  3 ball pythons
  15 bats
  9 frilled lizards
  2 jackal skeletons (D:5)
  17 kobolds
  A leopard gecko skeleton (D:7)
  5 rats
  A fungus (Lair:5)
  A lurking horror (Abyss:2)
  A plant (Lair:6)
730 creatures vanquished.

Vanquished Creatures (collateral kills)
  A minotaur (Lab)
  A hydra (Lair:3)
  2 orc high priests (Orc:2)
  A queen ant (D:8)
  Urug (D:11)
  2 deep elf knights (D:12)
  An unseen horror (D:15)
  A phantasmal warrior (D:13)
  A lindwurm (Lair:6)
  A manticore (Lair:6)
  An ugly thing (D:14)
  2 deep elf magi (D:12)
  A stone giant zombie (D:15)
  2 elephants (Lair:6)
  Joseph (D:8)
  3 black mambas
  3 rime drakes
  4 spiny frogs
  A komodo dragon (Lair:3)
  An ancient zyme (Abyss:2)
  2 yaktaurs (D:15)
  2 trolls
  2 merfolk (Lair:2)
  6 polar bears
  2 dream sheep (Lair:6)
  3 blink frogs
  4 hippogriffs
  2 wyverns
  16 yaks
  A starcursed mass (Abyss:2)
  A basilisk (Lair:2)
  A vampire mosquito (D:13)
  5 soldier ants (D:8)
  A water moccasin (Lair:3)
  A porcupine (Lair:3)
  2 hell hounds
  12 orc warriors
  2 ogres
  2 wolves (Lair:1)
  A centaur (D:13)
  3 crocodiles (Lair:6)
  A jelly (D:6)
  An orc priest (Orc:2)
  A hound (D:4)
  11 worker ants
  2 orc wizards (Orc:1)
  An ufetubus (Abyss:2)
  5 orcs
  A giant cockroach (D:8)
  A jackal skeleton (D:5)
  A fungus (Lair:6)
127 creatures vanquished.

Vanquished Creatures (others)
  A vampire (D:15)
  A warg (D:15)
  A slave (D:8)
  2 orc wizards (Orc:1)
  A worker ant (D:10)
  A bush (Lair:3)
  26 fungi
  28 plants
61 creatures vanquished.

Grand Total: 918 creatures vanquished

Notes
Turn   | Place    | Note
-------+----------+-------------------------------------------
     0 | D:1      | Gorice the Demonspawn Wanderer began the quest for the Orb.
     0 | D:1      | Gorice set off with: a +2 scale mail, a scroll of teleportation {!r}, a +0 mace, a +0 dagger, a ration
     0 | D:1      | Reached XP level 1. HP: 19/19 MP: 1/1
   162 | D:1      | Reached skill level 2 in Armour
   293 | D:1      | Gained mutation: You have a pair of small horns on your head. [demonic ancestry]
   293 | D:1      | Reached XP level 2. HP: 22/25 MP: 2/2
   827 | D:2      | Reached skill level 2 in Maces & Flails
   868 | D:2      | Reached XP level 3. HP: 22/30 MP: 3/3
  1170 | D:2      | Noticed Sigmund
  1824 | D:2      | Reached skill level 3 in Maces & Flails
  1824 | D:2      | Gained mutation: You are partially covered in yellow scales. (AC +2) [demonic ancestry]
  1824 | D:2      | Reached XP level 4. HP: 37/37 MP: 4/4
  2070 | D:3      | Found a basalt altar of Yredelemnul.
  2272 | D:3      | Found a glowing drain.
  2288 | D:3      | HP: 9/37 [gnoll/spear (5)]
  2288 | D:3      | HP: 4/37 [worm (5)]
  2600 | Sewer    | Entered a sewer
  3296 | Sewer    | Reached skill level 3 in Armour
  3308 | Sewer    | Gained mutation: A weak demonic guardian rushes to your aid. [demonic ancestry]
  3308 | Sewer    | Reached XP level 5. HP: 42/42 MP: 5/5
  3666 | D:3      | Reached skill level 4 in Maces & Flails
  4755 | D:4      | Gained mutation: You are partially covered in sharp spines. [demonic ancestry]
  4755 | D:4      | Reached XP level 6. HP: 39/48 MP: 6/6
  5095 | D:4      | Reached skill level 5 in Maces & Flails
  5172 | D:4      | Reached skill level 4 in Armour
  5326 | D:4      | Found a white marble altar of Elyvilon.
  5329 | D:4      | Found a shimmering altar of Xom.
  5458 | D:5      | Entered Level 5 of the Dungeon
  5462 | D:5      | Noticed an ice beast
  5486 | D:5      | Killed an ice beast
  5507 | D:4      | Gained mutation: You have a pair of horns on your head. [demonic ancestry]
  5507 | D:4      | Reached XP level 7. HP: 44/54 MP: 7/7
  5750 | D:5      | Reached skill level 6 in Maces & Flails
  5875 | D:5      | Found a shattered altar of Ashenzari.
  5948 | D:5      | Reached skill level 5 in Armour
  6149 | D:5      | Reached skill level 7 in Maces & Flails
  6149 | D:5      | Gained mutation: A demonic guardian rushes to your aid. [demonic ancestry]
  6149 | D:5      | Reached XP level 8. HP: 60/60 MP: 8/8
  6157 | D:5      | Got a clouded ivory ring
  6158 | D:5      | Found a hazy altar of Hepliaklqana.
  6431 | D:5      | Identified the ring "Beenwi" {*Drain +Inv rPois rF+ Stlth+} (You found it on level 5 of the Dungeon)
  6498 | D:6      | Found a glowing golden altar of the Shining One.
  6519 | D:6      | Found an ornate altar of the Wu Jian Council.
  6675 | D:6      | Reached skill level 8 in Maces & Flails
  6763 | D:6      | Noticed Lanoc's ghost (novice FoBe)
  6809 | D:6      | Reached skill level 6 in Armour
  7107 | D:6      | Reached XP level 9. HP: 54/65 MP: 9/9
  7467 | D:7      | Reached skill level 9 in Maces & Flails
  7659 | D:7      | Found a staircase to the Ecumenical Temple.
  7668 | Temple   | Entered the Ecumenical Temple
  7899 | Temple   | Became a worshipper of Qazlal Stormbringer
  8281 | D:7      | Found a runed door.
  8285 | D:7      | Noticed Crazy Yiuf
  8293 | D:7      | Killed Crazy Yiuf
  8388 | D:8      | Found a flagged portal.
  8485 | Bailey   | Entered a bailey
  8614 | Bailey   | Reached skill level 7 in Armour
  8921 | Bailey   | Reached * piety under Qazlal
  8923 | Bailey   | Reached skill level 10 in Maces & Flails
  8997 | D:8      | Noticed a queen ant
  9092 | D:8      | Reached skill level 8 in Armour
  9094 | D:8      | Noticed Prince Ribbit
  9105 | D:8      | Killed a queen ant
  9105 | D:8      | Gained mutation: You are mostly covered in sharp spines. [demonic ancestry]
  9105 | D:8      | Reached XP level 10. HP: 58/71 MP: 10/10
  9130 | D:8      | Reached skill level 11 in Maces & Flails
  9180 | D:8      | Reached ** piety under Qazlal
  9185 | D:8      | Reached skill level 9 in Armour
  9369 | D:8      | Killed Prince Ribbit
  9748 | D:8      | Found a staircase to the Lair.
  9796 | D:8      | Found Ydghazxuss's General Store.
  9851 | D:8      | Found an iron altar of Okawaru.
  9877 | D:8      | Noticed Pikel
  9879 | D:8      | Found a bloodstained altar of Trog.
  9889 | D:8      | Killed Pikel
  9994 | D:8      | Noticed Joseph
  9998 | D:8      | Killed Joseph
 10178 | Lair:1   | Entered Level 1 of the Lair of Beasts
 10218 | Lair:1   | Reached skill level 10 in Armour
 10225 | Lair:1   | Reached *** piety under Qazlal
 10225 | Lair:1   | Gained mutation: You are completely covered in sharp spines. [demonic ancestry]
 10225 | Lair:1   | Reached XP level 11. HP: 68/77 MP: 11/11
 10248 | Lair:1   | Reached skill level 12 in Maces & Flails
 10358 | Lair:1   | Reached skill level 1 in Invocations
 10392 | Lair:1   | Reached skill level 2 in Invocations
 10431 | Lair:1   | Reached skill level 3 in Invocations
 10503 | Lair:1   | Reached skill level 4 in Invocations
 10553 | Lair:1   | Reached skill level 11 in Armour
 10553 | Lair:1   | Reached skill level 5 in Invocations
 11060 | Lair:2   | Reached skill level 6 in Invocations
 11122 | Lair:2   | Noticed a six-headed hydra
 11130 | Lair:2   | Killed a six-headed hydra
 11144 | Lair:2   | Reached **** piety under Qazlal
 11195 | Lair:2   | Reached skill level 7 in Invocations
 11318 | Lair:2   | Reached skill level 8 in Invocations
 11578 | Lair:2   | Reached XP level 12. HP: 77/83 MP: 18/18
 11587 | Lair:2   | Found a staircase to the Snake Pit.
 11665 | Lair:2   | Found a staircase to the Shoals.
 11970 | Lair:3   | Noticed a death yak
 11972 | Lair:3   | Noticed a death yak
 11975 | Lair:3   | Noticed a death yak
 12000 | Lair:2   | Killed a death yak
 12000 | Lair:2   | Reached skill level 12 in Armour
 12030 | Lair:3   | Reached skill level 9 in Invocations
 12153 | Lair:2   | Killed a death yak
 12373 | Lair:3   | Reached skill level 10 in Invocations
 12447 | Lair:3   | Noticed a five-headed hydra
 12454 | Lair:3   | Killed a five-headed hydra
 12674 | Lair:3   | Killed a death yak
 13259 | Lair:4   | Reached skill level 11 in Invocations
 13391 | Lair:4   | Reached ***** piety under Qazlal
 13435 | Lair:4   | Noticed a five-headed hydra
 13446 | Lair:4   | Killed a five-headed hydra
 13446 | Lair:4   | Reached skill level 13 in Armour
 13452 | Lair:4   | Noticed a death yak
 13453 | Lair:4   | Noticed a catoblepas
 13651 | Lair:3   | Killed a death yak
 13651 | Lair:3   | Reached skill level 12 in Invocations
 13713 | Lair:4   | Killed a catoblepas
 14321 | Lair:5   | Reached XP level 13. HP: 76/88 MP: 22/22
 14717 | Lair:5   | Reached skill level 13 in Invocations
 14866 | Lair:5   | Found a staircase to the Slime Pits.
 14902 | Lair:5   | Reached skill level 5 in Fighting
 16022 | Lair:6   | Entered Level 6 of the Lair of Beasts
 16091 | Lair:6   | Found a labyrinth entrance.
 16107 | Lair:6   | Reached skill level 6 in Fighting
 16107 | Lair:6   | Reached skill level 14 in Armour
 16107 | Lair:6   | Reached ****** piety under Qazlal
 16107 | Lair:6   | Reached skill level 14 in Invocations
 16113 | Lab      | Entered a labyrinth
 16373 | Lab      | Noticed a minotaur
 16386 | Lab      | Killed a minotaur
 16447 | Lair:6   | Reached skill level 7 in Fighting
 16532 | Lair:6   | Gained mutation: You are mostly covered in yellow scales. (AC +3) [demonic ancestry]
 16532 | Lair:6   | Reached XP level 14. HP: 43/103 MP: 24/24
 16919 | Lair:6   | Reached skill level 8 in Fighting
 16961 | Lair:6   | Got a transparent trident
 17328 | Lair:6   | Got an encrusted ring mail
 17626 | D:9      | Reached skill level 15 in Invocations
 17736 | D:9      | Noticed Gorice's ghost (novice DsWn)
 17759 | D:9      | Killed Gorice's ghost
 18192 | D:9      | Found a blossoming altar of Fedhas.
 18680 | D:8      | Bought a scroll of identify for 30 gold pieces
 18680 | D:8      | Bought a scroll of identify for 30 gold pieces
 18680 | D:8      | Bought 2 scrolls of identify for 60 gold pieces
 18680 | D:8      | Bought a scroll of identify for 30 gold pieces
 18732 | D:10     | Entered Level 10 of the Dungeon
 19425 | D:11     | Noticed Urug
 19442 | D:11     | Killed Urug
 19536 | D:11     | Found a staircase to the Orcish Mines.
 20039 | Orc:1    | Entered Level 1 of the Orcish Mines
 20118 | Orc:1    | Noticed Fannar
 20134 | Orc:1    | Killed Fannar
 20134 | Orc:1    | Reached skill level 9 in Fighting
 20274 | Orc:1    | Found Guciogeo's Antique Weapon Shop.
 20500 | Orc:2    | Entered Level 2 of the Orcish Mines
 20500 | Orc:2    | Found Tushrenug's Antique Weapon Shop.
 21076 | Orc:2    | Noticed an orc warlord
 21193 | Orc:1    | Reached skill level 15 in Armour
 21209 | Orc:1    | Killed an orc warlord
 21666 | Orc:1    | Reached skill level 16 in Invocations
 21975 | Orc:2    | Found Waongu's General Store.
 22099 | Orc:2    | Bought a scroll of blinking for 105 gold pieces
 22099 | Orc:2    | Bought a potion of haste for 140 gold pieces
 22290 | Orc:2    | Found Uthas's Antique Armour Shoppe.
 22308 | Orc:2    | Found a staircase to the Elven Halls.
 22338 | Orc:2    | Found Tousmus's Antique Weapon Shop.
 22342 | Orc:2    | Bought a dazzling whip for 217 gold pieces
 22342 | Orc:2    | Found Noych's Book Shop.
 22343 | Orc:2    | Identified the +2 whip "Moamiff" {pain, rF+} (You bought it in a shop on level 2 of the Orcish Mines)
 22828 | D:12     | Found Ydwy's Gadget Emporium.
 23052 | D:12     | Found Agoz's Gadget Boutique.
 23112 | D:12     | Found Kasa's Gadget Emporium.
 23178 | D:12     | Reached skill level 10 in Fighting
 23206 | D:12     | Got a vibrating brass ring
 23228 | D:12     | Identified the ring of Yprac {Fire +Blink} (You took it off a deep elf knight on level 12 of the Dungeon)
 23623 | D:12     | Reached XP level 15. HP: 115/115 MP: 27/27
 24085 | D:12     | Got a warped cloak
 24096 | D:12     | Identified the cursed -2 cloak "Sofiewnaag" {rC+++ rN+++ Int-2 Slay-5} (You found it on level 12 of the Dungeon)
 24522 | D:13     | Found Obumumih's Magic Scroll Boutique.
 24564 | D:13     | Noticed Frances
 24594 | D:13     | Killed Frances
 24611 | D:13     | Found a sacrificial altar of Ru.
 24632 | D:13     | Bought a scroll of blinking for 97 gold pieces
 24632 | D:13     | Bought a scroll of blinking for 97 gold pieces
 24632 | D:13     | Bought a scroll of identify for 26 gold pieces
 24848 | D:13     | Found a large runed door.
 24848 | D:13     | Found a large runed door.
 25299 | D:13     | Found a blossoming altar of Fedhas.
 25306 | D:13     | Found a stormy altar of Qazlal.
 25364 | D:14     | Reached skill level 17 in Invocations
 25644 | D:14     | Reached skill level 11 in Fighting
 25802 | D:14     | You fall through a shaft!
 25802 | D:15     | Entered Level 15 of the Dungeon
 25814 | D:15     | Noticed Louise
 25837 | D:15     | Found a burning altar of Makhleb.
 25861 | D:15     | Cast into level 2 of the Abyss (Louise)
 25942 | Abyss:2  | HP: 16/95 [smoke demon/divine providence (14)]
 25942 | Abyss:2  | HP: 7/95 [starcursed mass (9)]
 25943 | Abyss:2  | HP: 1/95 [starcursed mass/accursed screaming (6)]
 25946 | Abyss:2  | Paralysed by accursed screaming for 1 turns
 25949 | Abyss:2  | HP: 22/95 [starcursed mass/accursed screaming (8)]
 25952 | Abyss:2  | Paralysed by accursed screaming for 1 turns
 25956 | Abyss:2  | HP: 15/95 [starcursed mass/accursed screaming (13)]
 25990 | Abyss:2  | HP: 18/95 [small abomination (1)]
 26024 | Abyss:2  | HP: 3/107 [large abomination (24)]
 26030 | Abyss:2  | Slain by a large abomination

Vault maps used:
D:1:      saegor_arrival_simple_e
D:2:      first_ration, uniq_sigmund
D:3:      lemuel_zombie_altar_yredelemnul, cheibrodos_sewer_entry_bend
D:4:      nicolae_overflow_hidden_temple, corexii_shack
D:5:      black_bear_nest_1, lemuel_doored_altar, evilmike_ruin_ashenzari
D:6:      kennysheep_mini_moat, corexii_shack, mrwooster_statue_mirror,
          minmay_curled_crystal, tso_altar
D:7:      lemuel_temple_firewalk_b, uniq_crazy_yiuf_cottage
D:8:      trog_ov_bears_minmay, okawaru_humans, minmay_lair_entry_lava,
          serial_shops, shop, enter_bailey_2, zaba_anthell, uniq_joseph,
          uniq_prince_ribbit1, uniq_pikel
D:9:      nicolae_overflow_crystal_walls, grunt_ogre_cave
D:11:     orc_0_dummy, uniq_urug
D:12:     minmay_elf_outpost, serial_shops, shop, shop, shop
D:13:     basic_altar, serial_shops, kennysheep_mini, jmf_multi_god_temple2,
          uniq_frances
D:14:     grunt_vaults_entry_fortified, corexii_corridor_pit
D:15:     gammafunk_depths_entry_grave, basic_altar, elyvilon_altar_5,
          portal_ice_cave_entry_ice_beasts, minmay_misc_feat_square,
          uniq_louise, uniq_sonja
Temple:   minmay_temple_curvy_loop
Lair:1:   st_stairs_3, beast_lair_carwin_2
Lair:2:   elwin_shoals_entry_stream, minmay_snake_entry_guardpost_medium,
          cheibrodos_lair_lostbears
Lair:3:   serial_forest, infiniplex_forest_corner_1, infiniplex_forest_lined_2,
          infiniplex_forest_lined_ring, infiniplex_forest_clump_long,
          infiniplex_forest_zigzag_1, infiniplex_forest_lined_room_,
          infiniplex_forest_straight_2, infiniplex_forest_diagonal,
          infiniplex_forest_lined_2, minmay_lair_oklob_chamber,
          infiniplex_staircase_pool_2
Lair:5:   minmay_slime_entry_pillars, special_room
Lair:6:   gammafunk_lair_ancient_temple, lab_entry_generic, serial_bayou_pond_d,
          serial_bayou_lake_a
Orc:1:    serial_shops, shop, uniq_fannar
Orc:2:    grunt_orc_gardens, grunt_orc_garden, grunt_orc_garden,
          grunt_orc_garden, grunt_orc_garden, serial_shops, nicolae_shop_crystal
Lab:      nicolae_lab_dead_adventurers, labyrinth_skeletal_remains,
          labyrinth_fake_exit, nicolae_lab_big_swirl
Sewer:    sewer_fruit_machine
Bailey:   bailey_polearm_1, bailey

Skill      XL: |  1  2  3  4  5  6  7  8  9 10 11 12 13 14 15 |
---------------+----------------------------------------------+-----
Armour         | 2 3 4 5 6 8 10 11 13 14 15 | 15.9
Maces & Flails | 2 3 4 5 7 8 10 11 12 | 12.0
Invocations    | 8 12 14 16 17 | 17.5
Fighting       | 7 10 11 | 11.3
Stealth        | |  2.6

Action                   |  1- 3 |  4- 6 |  7- 9 | 10-12 | 13-15 || total
-------------------------+-------+-------+-------+-------+-------++-------
Melee: Mace              |   141 |   250 |       |       |       ||   391
       Headbutt          |    17 |    43 |    94 |   159 |   391 ||   704
       Morningstar       |       |    30 |    90 |       |   153 ||   273
       Whip              |       |       |   294 |   784 |  1452 ||  2530
       Hunting sling     |       |       |       |       |     1 ||     1
 Fire: Hunting sling     |       |       |       |     8 |    34 ||    42
Throw: Stone             |       |    21 |    16 |    21 |       ||    58
       Tomahawk          |       |       |       |     6 |     9 ||    15
       Throwing net      |       |       |       |       |     2 ||     2
Invok: Disaster Area     |       |       |       |       |     3 ||     3
       Upheaval          |       |       |       |       |     7 ||     7
Evoke: Wand              |       |       |       |     1 |     1 ||     2
  Use: Scroll            |     1 |     8 |     7 |     3 |    13 ||    32
       Potion            |       |     1 |     3 |       |     9 ||    13
 Stab: Distracted        |       |       |       |     4 |     4 ||     8
       Petrified         |       |       |       |     1 |       ||     1
  Eat: Chunk             |     3 |    12 |     8 |    18 |    36 ||    77
       Ration            |       |       |     1 |       |     1 ||     2
Armor: Scale mail        |    82 |   190 |    33 |       |       ||   305
       Plate armour      |       |       |    61 |       |       ||    61
       Crystal plate arm |       |       |    78 |   342 |   643 ||  1063
Dodge: Dodged            |    77 |   189 |    50 |    26 |    94 ||   436
       Deflected         |       |       |       |       |     9 ||     9
Block: Buckler           |       |       |    63 |   201 |   727 ||   991

Table legend:
 A = Spawn XP
 B = Non-spawn XP
 C = Spawn XP percentage of total XP
 D = Spawn monster count
 E = Non-spawn monster count
 F = Spawn count percentage of total count
 G = Total turns spent on level
                    A         B        C        D         E        F      G
               +---------+---------+-------+---------+---------+-------+---------
         Total |    3540 |  131541 |   2.6 |       9 |     847 |   1.1 | 26030
               +---------+---------+-------+---------+---------+-------+---------
           D:1 |       0 |      21 |   0.0 |       0 |      15 |   0.0 |   889
           D:2 |       0 |      80 |   0.0 |       0 |      31 |   0.0 |  1104
           D:3 |       0 |      94 |   0.0 |       0 |      22 |   0.0 |  1557
           D:4 |       0 |     356 |   0.0 |       0 |      27 |   0.0 |   967
           D:5 |       0 |    1203 |   0.0 |       0 |      30 |   0.0 |   939
           D:6 |       0 |    1021 |   0.0 |       0 |      31 |   0.0 |   912
           D:7 |       0 |     495 |   0.0 |       0 |      11 |   0.0 |   736
           D:8 |       0 |    6514 |   0.0 |       0 |      72 |   0.0 |  1512
           D:9 |       0 |    4234 |   0.0 |       0 |      32 |   0.0 |  1129
          D:10 |       0 |    2041 |   0.0 |       0 |      16 |   0.0 |   736
          D:11 |       0 |    2085 |   0.0 |       0 |      22 |   0.0 |  1125
          D:12 |       0 |   11443 |   0.0 |       0 |      34 |   0.0 |  1340
          D:13 |       0 |   11217 |   0.0 |       0 |      37 |   0.0 |   802
          D:14 |       0 |    8782 |   0.0 |       0 |      47 |   0.0 |   460
          D:15 |       0 |    2456 |   0.0 |       0 |      11 |   0.0 |    59
        Lair:1 |       0 |    6112 |   0.0 |       0 |      33 |   0.0 |  1008
        Lair:2 |       0 |    7582 |   0.0 |       0 |      32 |   0.0 |  1250
        Lair:3 |       0 |    6432 |   0.0 |       0 |      25 |   0.0 |  1207
        Lair:4 |       0 |    6460 |   0.0 |       0 |      27 |   0.0 |   817
        Lair:5 |       0 |   11789 |   0.0 |       0 |      58 |   0.0 |  1816
        Lair:6 |       0 |   20179 |   0.0 |       0 |      69 |   0.0 |  1079
         Orc:1 |       0 |   11847 |   0.0 |       0 |      74 |   0.0 |  1777
         Orc:2 |       0 |    4298 |   0.0 |       0 |      34 |   0.0 |   604
       Abyss:2 |    3540 |    2579 |  57.9 |       9 |      14 |  39.1 |   169
           Lab |       0 |    1307 |   0.0 |       0 |       3 |   0.0 |   310
         Sewer |       0 |      87 |   0.0 |       0 |      26 |   0.0 |  1004
        Bailey |       0 |     827 |   0.0 |       0 |      14 |   0.0 |   467
               +---------+---------+-------+---------+---------+-------+---------

Table legend:
 A = Turns spent in this place as a percentage of turns spent in the entire game.
 B = Non-inter-level travel turns spent in this place as a percentage of non-inter-level travel turns spent in the entire game.
 C = Inter-level travel turns spent in this place as a percentage of turns spent in this place.
 D = Turns resting spent in this place as a percentage of non-inter-level travel turns spent in this place.
 E = Turns spent auto-exploring this place as a percentage of non-inter-level travel turns spent in this place.
 F = Non-inter-level travel turns spent in this place divided by the number of levels of this place that you've seen.
                   A       B       C       D       E      F
               +-------+-------+-------+-------+-------+----------------------
         Total | 100.0 | 100.0 |   6.4 |  19.9 |  40.8 | 870.5
       Dungeon |  54.8 |  53.5 |   8.7 |  13.3 |  47.4 | 868.5
        Temple |   1.0 |   0.8 |  24.3 |   0.0 |  97.9 | 193.0
          Lair |  27.6 |  28.2 |   4.3 |  20.3 |  43.6 | 1145.0
  Orcish Mines |   9.1 |   9.6 |   2.0 |  42.2 |  19.5 | 1166.5
         Abyss |   0.6 |   0.7 |   0.0 |  12.4 |   0.0 | 169.0
     Labyrinth |   1.2 |   1.3 |   0.0 |  62.9 |   0.0 | 310.0
         Sewer |   3.9 |   4.1 |   0.0 |  36.7 |  14.4 | 1004.0
        Bailey |   1.8 |   1.9 |   0.0 |  31.3 |   0.0 | 467.0
               +-------+-------+-------+-------+-------+----------------------

Vault maps used:
D:1:      saegor_arrival_simple_e
D:2:      first_ration, uniq_sigmund
D:3:      lemuel_zombie_altar_yredelemnul, cheibrodos_sewer_entry_bend
D:4:      nicolae_overflow_hidden_temple, corexii_shack
D:5:      black_bear_nest_1, lemuel_doored_altar, evilmike_ruin_ashenzari
D:6:      kennysheep_mini_moat, corexii_shack, mrwooster_statue_mirror,
          minmay_curled_crystal, tso_altar
D:7:      lemuel_temple_firewalk_b, uniq_crazy_yiuf_cottage
D:8:      trog_ov_bears_minmay, okawaru_humans, minmay_lair_entry_lava,
          serial_shops, shop, enter_bailey_2, zaba_anthell, uniq_joseph,
          uniq_prince_ribbit1, uniq_pikel
D:9:      nicolae_overflow_crystal_walls, grunt_ogre_cave
D:11:     orc_0_dummy, uniq_urug
D:12:     minmay_elf_outpost, serial_shops, shop, shop, shop
D:13:     basic_altar, serial_shops, kennysheep_mini, jmf_multi_god_temple2,
          uniq_frances
D:14:     grunt_vaults_entry_fortified, corexii_corridor_pit
D:15:     gammafunk_depths_entry_grave, basic_altar, elyvilon_altar_5,
          portal_ice_cave_entry_ice_beasts, minmay_misc_feat_square,
          uniq_louise, uniq_sonja
Temple:   minmay_temple_curvy_loop
Lair:1:   st_stairs_3, beast_lair_carwin_2
Lair:2:   elwin_shoals_entry_stream, minmay_snake_entry_guardpost_medium,
          cheibrodos_lair_lostbears
Lair:3:   serial_forest, infiniplex_forest_corner_1, infiniplex_forest_lined_2,
          infiniplex_forest_lined_ring, infiniplex_forest_clump_long,
          infiniplex_forest_zigzag_1, infiniplex_forest_lined_room_,
          infiniplex_forest_straight_2, infiniplex_forest_diagonal,
          infiniplex_forest_lined_2, minmay_lair_oklob_chamber,
          infiniplex_staircase_pool_2
Lair:5:   minmay_slime_entry_pillars, special_room
Lair:6:   gammafunk_lair_ancient_temple, lab_entry_generic, serial_bayou_pond_d,
          serial_bayou_lake_a
Orc:1:    serial_shops, shop, uniq_fannar
Orc:2:    grunt_orc_gardens, grunt_orc_garden, grunt_orc_garden,
          grunt_orc_garden, grunt_orc_garden, serial_shops, nicolae_shop_crystal
Lab:      nicolae_lab_dead_adventurers, labyrinth_skeletal_remains,
          labyrinth_fake_exit, nicolae_lab_big_swirl
Sewer:    sewer_fruit_machine
Bailey:   bailey_polearm_1, bailey
